 Dungeon Crawl Stone Soup version 0.30.0-19-g36f170ea60 (webtiles) character file.

Game seed: 1077576373618243072

473 Bnni the Poker (level 7, -3/56 HPs)
             Began as a Formicid Fighter on May 29, 2023.
             Slain by a gnoll
             ... wielding a +0 flail
              (5 damage)
             ... on level 4 of the Dungeon.
             The game lasted 00:03:30 (2800 turns).

Bnni the Poker (Formicid Fighter)                   Turns: 2800, Time: 00:03:31

Health: -3/56      AC:  6    Str: 20 (23) XL:     7   Next: 32%
Magic:  7/7        EV:  9    Int:  6 (7)  God:
Gold:   251        SH:  5    Dex: 12 (13) Spells: 6/6 levels left

rFire   . . .        a - +0 trident
rCold   . . .        c - +0 buckler
rNeg    . . .        b - +0 scale mail
rPois   .            (helmet unavailable)
rElec   .            (no cloak)
rCorr   .            (no gloves)
SInv    +            (no boots)
Will    .....        (no amulet) Stlth
                     (no ring)
HPRegen 0.29/turn    (no ring)
MPRegen 0.10/turn

%: no passive effects
@: mighty
A: permanent stasis, dig shafts and tunnels, antennae 3, four strong arms
a: Dig, Shaft Self


You were on level 4 of the Dungeon.
You visited 1 branch of the dungeon, and saw 4 of its levels.

You collected 251 gold pieces.

Inventory:

Hand Weapons
 a - a +0 trident (weapon)
Missiles
 k - 4 poisoned darts
 s - 6 boomerangs
Armour
 b - a +0 scale mail (worn)
 c - a +0 buckler (worn)
Jewellery
 l - a ring of flight
Scrolls
 g - 2 scrolls of identify {unknown}
 h - 3 scrolls of fear {unknown}
 m - a scroll of immolation {unknown}
 o - a scroll of teleportation {unknown}
 r - a scroll of noise {unknown}
Potions
 d - 2 potions of might
 e - a potion of degeneration
 f - a potion of resistance {unknown}
 i - a potion of flight {unknown}
 j - a potion of heal wounds
 n - a potion of lignification {unknown}
 p - 2 potions of invisibility {unknown}
 q - a potion of attraction {unknown}


   Skills:
 + Level 5.6 Fighting
 * Level 6.2 Polearms
 - Level 3.2 Armour
 - Level 4.0 Shields


You had 6 spell levels left.
You didn't know any spells.
Your spell library was empty.

Dungeon Overview and Level Annotations

Branches:
Dungeon (4/15)
 Temple: D:4-7

Altars:
Cheibriados
Dithmenos
Makhleb
Sif Muna
Vehumet

Shops:
D:2 (!   D:3 :


Innate Abilities, Weirdness & Mutations

You cannot be hasted, slowed, berserked, paralysed or teleported.
You can dig through walls and to a lower floor.
You have a pair of large antennae on your head. (SInv)
Your four strong arms can wield two-handed weapons with a shield.


Message History

The gnoll attacks as you move away! You block the gnoll's attack.
The gnoll hits you from afar with a +0 spear.
Reach: a) +0 trident
Press: ? - help, Dir - move target, f - gnoll
Aim: a gnoll, wielding a +0 whip (about 35% to evade your +0 trident)
The gnoll is in the way.
You puncture the gnoll!
The gnoll is severely wounded.
You block the gnoll's attack.
The gnoll hits you from afar with a +0 spear.
Reach: a) +0 trident
Press: ? - help, Dir - move target, f/p - gnoll
Aim: a gnoll, wielding a +0 whip (about 35% to evade your +0 trident)
The gnoll is in the way.
You barely miss the gnoll.
The gnoll is severely wounded.
The gnoll hits you with a +0 flail.
The gnoll hits you from afar with a +0 spear.
* * * LOW HITPOINT WARNING * * *
Reach: a) +0 trident
Press: ? - help, Dir - move target, f - gnoll, p - gnoll
Aim: a gnoll, wielding a +0 spear (lightly wounded, about 35% to evade your +0 trident)
You reach to attack!
You closely miss the gnoll.
The gnoll is lightly wounded.
The gnoll hits you with a +0 flail.
* * * LOW HITPOINT WARNING * * *
The gnoll closely misses you.
Reach: a) +0 trident
Press: ? - help, Dir - move target, f/p - gnoll
Aim: a gnoll, wielding a +0 spear (lightly wounded, about 35% to evade your +0 trident)
The gnoll is in the way.
You closely miss the gnoll.
The gnoll is severely wounded.
The gnoll hits you with a +0 flail!
* * * LOW HITPOINT WARNING * * *
The gnoll hits you but does no damage.
Reach: a) +0 trident
Press: ? - help, Dir - move target, f/p - gnoll
Aim: a gnoll, wielding a +0 spear (lightly wounded, about 35% to evade your +0 trident)
The gnoll is in the way.
You closely miss the gnoll.
The gnoll is severely wounded.
The gnoll hits you with a +0 flail.
You die...

....)....!#.#.##.###'###..
#.#...#.###...##.........#
..##.##.......####.#######
.........#...####..#######
...#.#....................
.#.#J#[#.# .#############.
..J###ggg##...# #.
.#....{#g#)##.### #.
..#.#.###@###...#### #.
#...##.!.........######.
..........._..._.........
#.######...........######.
# ###....8....# #.
#.........# ## ##.......##
#..._...# ###..†.#######


You could see 4 gnolls and an endoplasm.

Vanquished Creatures
  2 ogres (D:4)
  2 scorpions
  A jelly (D:4)
  6 adders
  4 gnolls (D:4)
  2 worms
  3 orcs
  4 endoplasms
  2 giant cockroaches
  2 goblins
  3 hobgoblins
  4 jackals
  2 quokkas
  6 ball pythons
  4 bats
  5 frilled lizards
  2 kobolds
  5 rats
59 creatures vanquished.

Notes
Turn   | Place    | Note
-------+----------+-------------------------------------------
     0 | D:1      | Bnni the Formicid Fighter began the quest for the Orb.
     0 | D:1      | Reached XP level 1. HP: 18/18 MP: 1/1
    70 | D:1      | Found a faded altar of an unknown god.
   179 | D:1      | Reached XP level 2. HP: 24/24 MP: 2/2
   915 | D:2      | Found Hacanav's Distillery.
   961 | D:2      | Found Qeoluij's Weapon Boutique.
   965 | D:2      | Reached XP level 3. HP: 30/30 MP: 3/3
  1018 | D:2      | You fall into a shaft and drop 1 floor!
  1053 | D:3      | Found Fuuzxump's Book Shop.
  1085 | D:3      | Reached skill level 3 in Polearms
  1187 | D:3      | Noticed a scorpion
  1190 | D:3      | Killed a scorpion
  1191 | D:3      | Reached skill level 4 in Polearms
  1191 | D:3      | Reached XP level 4. HP: 32/37 MP: 4/4
  1291 | D:3      | Found a radiant altar of Vehumet.
  1337 | D:3      | Reached XP level 5. HP: 31/42 MP: 5/5
  2126 | D:4      | Found a burning altar of Makhleb.
  2370 | D:4      | Reached XP level 6. HP: 49/49 MP: 6/6
  2388 | D:4      | Noticed an ogre
  2410 | D:4      | Killed an ogre
  2411 | D:4      | Reached skill level 5 in Fighting
  2411 | D:4      | Reached skill level 5 in Polearms
  2717 | D:4      | Found a shimmering blue altar of Sif Muna.
  2719 | D:4      | Found a snail-covered altar of Cheibriados.
  2719 | D:4      | Found a shadowy altar of Dithmenos.
  2752 | D:4      | Noticed an ogre
  2775 | D:4      | Killed an ogre
  2776 | D:4      | Reached skill level 6 in Polearms
  2776 | D:4      | Reached XP level 7. HP: 18/56 MP: 7/7
  2799 | D:4      | HP: 2/56 [gnoll/+0 flail (7)]
  2800 | D:4      | Slain by a gnoll

Illustrated notes

Levels and vault maps discovered:
D:1:      dpeg_arrival_three_same_balls, layout_loops_corners,
          shapermc_ecumenical_altar_venn, grunt_decor_mini_mirrors
D:2:      layout_basic, serial_shops, nicolae_shop_crystal, shop,
          nicolae_square_shop, shop, nicolae_shop_peninsula
D:3:      layout_loops_corners, fiery_altar_vehumet, serial_shops,
          nicolae_diamond_shop, grunt_decor_clamped
D:4:      layout_loops_ring, amcnicky_altar_gilded, grunt_temple_overflow_open,
          minmay_temple_entry_poolview, serial_glass, glass_columns_b,
          glass_columns_a, minmay_fractal_squares_5

Skill      XL: |  1  2  3  4  5  6 |
---------------+-------------------+-----
Polearms       | 4 6 |  6.2
Fighting       | 4 5 |  5.6
Armour         | |  3.2
Shields        | |  4.0

Action                     |  1- 3 |  4- 6 |  7- 9 || total
---------------------------+-------+-------+-------++-------
  Melee: Trident           |    82 |   123 |    15 ||   220
  Throw: Dart              |       |     3 |       ||     3
    Use: Potion            |       |     2 |     2 ||     4
 Armour: Scale mail        |    37 |    30 |     7 ||    74
  Dodge: Dodged            |    28 |    33 |     9 ||    70
  Block: Buckler           |    14 |    33 |     8 ||    55
